 Dungeon Crawl Stone Soup version 0.31-a0-276-ge00219d475 (webtiles) character file.

Game seed: 3754117846507196860

45 AIAndy the Changeling (level 3, -1/16 HPs)
             Began as a Felid Shapeshifter on July 15, 2023.
             Slain by a kobold
             ... wielding a +0 short sword
              (3 damage)
             ... on level 2 of the Dungeon.
             The game lasted 00:03:43 (1063 turns).

AIAndy the Changeling (Felid Shapeshifter)          Turns: 1063, Time: 00:03:43

Health: -1/16      AC:  1    Str: 13    XL:     3   Next: 42%
Magic:  4/4        EV: 17    Int:  9    God:
Gold:   78         SH:  0    Dex: 16    Spells: 2/2 levels left
                                        Lives:  0   Deaths: 0

rFire   . .          .
                       - Unarmed
rCold   . . .        (shield unavailable)
rNeg    . . .        (body armour unavailable)
rPois   .            (helmet unavailable)
rElec   .            (cloak unavailable)
rCorr   +            (gloves unavailable)
SInv    +            (boots unavailable)
Will    .....        (no amulet)
Stlth   +            R - ring of resist corrosion
HPRegen 0.22/turn    (no ring)
MPRegen 0.09/turn

%: no passive effects
@: beast-form, quick
A: beast (slay +2), very small, claws 1, fangs 3, see invisible, speed 1, shaggy
fur 1, stealthy paws, no weapons or thrown items, no armour, multi-lived
a: Begin Untransformation


You were on level 2 of the Dungeon.
You were a hulking beast.
You visited 1 branch of the dungeon, and saw 2 of its levels.

You collected 78 gold pieces.


Innate Abilities, Weirdness & Mutations

You are a hulking beast.
Your limbs bulge with bestial killing power. (Slay +2)
You have sharp claws.
You have razor-sharp teeth.
You have supernaturally acute eyesight. (SInv)
You cover ground quickly. (Speed+)
You are covered in fur. (AC +1)
Your paws help you pounce on unaware monsters.
You are incapable of wielding weapons or throwing items.
You cannot wear armour.
You gain extra lives every three experience levels.


   Skills:
 - Level 2.0 Fighting
 - Level 2.6 Dodging
 + Level 3.1 Unarmed Combat
 + Level 4.0 Shapeshifting


You had 2 spell levels left.
You didn't know any spells.
Your spell library contained the following spells:

 Spells                   Type           Power      Damage    Failure   Level
 Kiss of Death            Conj/Necr      0%         2d5       38%         1
 Confusing Touch          Hex            0%         N/A       77%         3
 Dispel Undead            Necr           0%         3d6       99%         4

Inventory:

Jewellery
 R - a ring of resist corrosion (left paw)
Talismans
 b - a beast talisman
Scrolls
 e - a scroll of vulnerability {unknown}
Potions
 a - a potion of lignification {!q}
 c - a potion of heal wounds {unknown}
 d - a potion of magic {unknown}

Dungeon Overview and Level Annotations

Branches:
Dungeon (2/15)

Altars:

Shops:
D:1

: #### ..######### #
#.##......# #.###
#.##.####.#
.).?.########......##.#
...........##.†....##.#
..###.##.†..........##.#
......gh.##.##......##.#
..###.K.............##.#
#.#####$#.###.####.# ...
#.#.# #.####.# ### #.#.#
#......# ##.#.###.######
.........# ##.#.###.#
#.# #.#


You could see a goblin and a kobold.


Message History

The frilled lizard closely misses you.
You scratch the adder.
The adder is moderately wounded.
The adder bites you.
You are poisoned.
The adder poisons you!
You scratch the adder but do no damage. You bite the adder!
The adder is almost dead.
You feel sick. The adder bites you. The frilled lizard closely misses you.
The adder misses you.
You scratch the adder.
You kill the adder!
You feel sick.
The frilled lizard bites you but does no damage.
Your Unarmed Combat skill increases to level 3!
You scratch the frilled lizard.
You kill the frilled lizard!
You feel sick. The goblin hits you with a +0 dagger.
* * * LOW HITPOINT WARNING * * *
Your Shapeshifting skill increases to level 4!
You scratch the goblin.
The goblin is severely wounded.
You feel sick. The goblin misses you.
You closely miss the goblin.
The goblin is severely wounded.
You feel sick.
You are no longer poisoned.
The goblin hits you but does no damage.
The kobold hits you with a +0 short sword.
You die...

Skill      XL: |  1  2  3 |
---------------+----------+-----
Unarmed Combat | 3 |  3.1
Shapeshifting  | 4 |  4.0
Fighting       | |  2.0
Dodging        | |  2.6

Action                     || total
---------------------------++-------
  Melee: Unarmed           ||    71
         Bite              ||     5
   Stab: Sleeping          ||     1
 Armour: Skin              ||     3
  Dodge: Dodged            ||    47

Levels and vault maps discovered:
D:1:      sevenhm_arrival_forest_fort_small_4, layout_loops_corners,
          serial_shops, nicolae_shop_mannequins, basic_ecumenical_altar
D:2:      layout_loops_ring

Notes
Turn   | Place    | Note
-------+----------+-------------------------------------------
     0 | D:1      | AIAndy the Felid Shapeshifter began the quest for the Orb.
     0 | D:1      | Reached XP level 1. HP: 9/9 MP: 2/2
    24 | D:1      | Found a faded altar of an unknown god.
    98 | D:1      | Noticed a walking earthen tome
   101 | D:1      | Found Jimeer's Book Shoppe.
   103 | D:1      | Reached XP level 2. HP: 13/13 MP: 3/3
   103 | D:1      | Noticed a walking frostbound tome
   305 | D:1      | HP: 1/13 [constriction (1)]
  1017 | D:2      | Reached XP level 3. HP: 15/16 MP: 4/4
  1061 | D:2      | Reached skill level 3 in Unarmed Combat
  1062 | D:2      | Reached skill level 4 in Shapeshifting
  1063 | D:2      | Slain by a kobold

Vanquished Creatures
  An adder (D:2)
  A worm (D:2)
  2 dart slugs
  2 bats (D:1)
  3 endoplasms
  A giant cockroach (D:2)
  3 goblins (D:1)
  2 hobgoblins (D:1)
  4 jackals (D:1)
  2 kobolds (D:1)
  2 ball pythons (D:1)
  2 frilled lizards
  2 rats (D:1)
27 creatures vanquished.

Table legend: (Time is in decaauts)
 A = Elapsed time spent in this place.
 B = Non-inter-level travel time spent in this place.
 C = Inter-level travel time spent in this place.
 D = Time resting spent in this place.
 E = Time spent auto-exploring this place.
 F = Levels seen in this place.
 G = Mean time per level.
                   A        B        C        D        E       F      G
               +--------+--------+--------+--------+--------+-----+--------+
         Total |    903 |    880 |     23 |      0 |    726 |   2 |  451.5 |
       Dungeon |    903 |    880 |     23 |      0 |    726 |   2 |  451.5 |
               +--------+--------+--------+--------+--------+-----+--------+

Top non-repeatable levels by time:
     D:1: 842 daAuts
     D:2: 61 daAuts

Table legend:
 A = Non-vault XP
 B = Vault XP
 C = Vault XP percentage of total XP
 D = Non-vault monster count
 E = Vault monster count
 F = Vault count percentage of total count
                 A         B        C        D         E       F
            +---------+---------+-------+---------+---------+-------
      Total |      65 |       0 |   0.0 |      27 |       0 |   0.0
            +---------+---------+-------+---------+---------+-------
        D:1 |      38 |       0 |   0.0 |      21 |       0 |   0.0
        D:2 |      27 |       0 |   0.0 |       6 |       0 |   0.0
            +---------+---------+-------+---------+---------+-------
